 Dungeon Crawl Stone Soup version 0.30-a0-1157-g2cc9ac7196 (webtiles) character file.

Game seed: 6961107105209713926

7192 lunkers the Arsonist (level 11, -3/85 HPs)
             Began as a Meteoran Fire Elementalist on Apr 24, 2023.
             Was an Elder of Vehumet.
             Slain by an ettin
             ... wielding a +0 dire flail of protection
              (35 damage)
             ... on level 2 of the Orcish Mines.
             The game lasted 00:23:53 (3763 turns).

lunkers the Arsonist (Meteoran Fire Elementalist)   Turns: 3763, Time: 00:23:53

Health: -3/85      AC:  8    Str: 11    XL:     11   Next: 58%
Magic:  7/26       EV: 12    Int: 21    God:    Vehumet [****..]
Gold:   648        SH:  4    Dex: 14    Spells: 23/30 levels left

rFire   + . .        s - +1 dagger (drain)
rCold   . . .        I - +0 buckler
rNeg    + . .        p - +0 robe {rN+}
rPois   .            (no helmet)
rElec   .            o - +0 cloak
rCorr   .            d - +1 pair of gloves
SInv    .            f - +2 pair of boots
Will    +....        C - amulet of the acrobat
Stlth   +            z - ring of fire
HPRegen 0.34/turn    k - ring of protection from cold
MPRegen 0.20/turn

%: acrobat
@: glowing
A: sense surroundings 2, otherworldly, glowing, explore regen
a: Renounce Religion


You were on level 2 of the Orcish Mines.
You worshipped Vehumet.
Vehumet was greatly pleased with you.
You visited 3 branches of the dungeon, and saw 12 of its levels.
You also visited: Bailey.

You collected 648 gold pieces.

Inventory:

Hand Weapons
 s - a +1 dagger of draining (weapon)
 t - a +5 whip of electrocution
 H - a +4 morningstar
Armour
 a - a +0 robe
 d - a +1 pair of gloves (worn)
 f - a +2 pair of boots (worn)
 o - a +0 cloak (worn)
 p - a +0 robe of positive energy (worn)
 B - a +1 pair of boots of stealth
 I - a +0 buckler (worn)
Magical Staves
 r - a staff of death
Jewellery
 c - a ring of protection from fire
 h - a +4 ring of protection
 k - a ring of protection from cold (right hand)
 m - a +6 ring of strength
 z - a ring of fire (left hand)
 C - an amulet of the acrobat (around neck)
 G - a +6 ring of intelligence
Wands
 q - a wand of roots (9)
 v - a wand of paralysis (16)
 D - a wand of flame (13)
 J - a wand of digging (3)
 K - a wand of mindburst (6)
Scrolls
 e - 3 scrolls of teleportation
 y - a scroll of blinking
 A - a scroll of fear
 L - a scroll of enchant armour
 M - 2 scrolls of identify
Potions
 b - 3 potions of magic
 g - 2 potions of attraction
 i - 3 potions of cancellation
 j - 5 potions of curing
 l - 3 potions of invisibility
 n - 4 potions of heal wounds
 u - 3 potions of mutation
 w - 2 potions of might {unknown}
 x - 4 potions of brilliance {unknown}
 E - a potion of resistance {unknown}
 F - 4 potions of haste


   Skills:
 + Level 4.7 Fighting
 + Level 3.5 Dodging
 - Level 1.4 Stealth
 + Level 2.2 Shields
 + Level 10.3 Spellcasting
 * Level 7.9 Conjurations
 * Level 14.3 Fire Magic


You had 23 spell levels left.
You knew the following spells:

 Your Spells              Type           Power      Damage    Failure   Level
a - Foxfire               Conj/Fire      100%       2x1d9     1%          1
b - Scorch                Fire           100%       2d9       1%          2
c - Flame Wave            Conj/Fire      72%        2d16      1%          4

Your spell library contained the following spells:

 Spells                   Type           Power      Damage    Failure   Level
 Freezing Cloud           Conj/Ice/Air   10%        6-21      21%         5
 Inner Flame              Hex/Fire       57%        N/A       1%          3
 Stone Arrow              Conj/Erth      54%        3d10      1%          3
 Volatile Blastmotes      Fire/Tloc      100%       2d18      1%          3
 Sandblast                Erth           20%        2d7       2%          1
 Beastly Appendage        Tmut           20%        N/A       9%          1
 Necrotise                Necr           40%        1d6       9%          1
 Passwall                 Tmut/Erth      8%         N/A       13%         2
 Wereblood                Tmut           10%        N/A       13%         2
 Spider Form              Tmut/Pois      10%        N/A       26%         3
 Vampiric Draining        Necr           10%        2d6       26%         3
 Agony                    Necr           10%        N/A       94%         5


Dungeon Overview and Level Annotations

Branches:
Dungeon (9/15) Zot: 2171   Temple (1/1) D:4 Zot: 401     Orc (2/2) D:9 Zot: 1130
    Elf (0/3) Orc:2        Bailey (visited)
   Lair: D:8-11

Altars:
Ashenzari
Cheibriados
Dithmenos
Fedhas
Gozag
Hepliaklqana
Makhleb
Nemelex Xobeh
Okawaru
Qazlal
Trog
Uskayaw
Vehumet
Wu Jian
Xom
Zin
The Shining One

Shops:
D:5 :   D:6 !:


Innate Abilities, Weirdness & Mutations

You passively map the area around you.
You are easily found by Zot.
You glow in the dark.
You regain HP and MP as you explore.


Message History

You kill the orc!
Vehumet accepts your kill.
You feel your power returning.
Unknown command.
Unknown command.
An ettin comes into view.
It is wielding a +0 dire flail of protection and a +0 dire flail.
You see here 36 gold pieces.
Casting: Scorch (safe; 1% risk of failure)
Confirm with . or Enter, or press ? or * to list all spells.
You feel a surge of power!
Flames lash the ettin.
The ettin is lightly wounded.
The ettin's fire resistance burns away.
Unknown command.
Unknown command.
Casting: Scorch (safe; 1% risk of failure)
Confirm with . or Enter, or press ? or * to list all spells.
You feel a surge of power!
Flames lash the ettin but do no damage.
Unknown command.
Unknown command.
Casting: Scorch (safe; 1% risk of failure)
Confirm with . or Enter, or press ? or * to list all spells.
You feel a surge of power!
Flames lash the ettin.
The ettin is burned terribly!
The ettin is moderately wounded.
Unknown command.
Unknown command.
Casting: Scorch (safe; 1% risk of failure)
Confirm with . or Enter, or press ? or * to list all spells.
You feel a surge of power!
Flames lash the ettin.
The ettin is burned terribly!
The ettin is moderately wounded.
You block the ettin's attack. The ettin completely misses you.
Unknown command.
Unknown command.
Casting: Scorch (safe; 1% risk of failure)
Confirm with . or Enter, or press ? or * to list all spells.
You feel a surge of power!
Flames lash the ettin.
The ettin is burned terribly!
The ettin is heavily wounded.
The ettin hits you with a +0 dire flail of protection!!
* * * LOW HITPOINT WARNING * * *
The ettin hits you with a +0 dire flail!!
You die...

##.............#...,
, ...................
, ,* , ,
,...................,
................... ,
, , ,
................... ,
......)............,
, ,
.......)...<....... ,
>......)))..........
,
,.......$.@.........
,,
...$.....C.........*
* ,
,.......)...........
* ,
...................,,
, ...................
* ,
,,..#...............#
................., ,
* , ,,
................ ,, ,
,, *,, *


You could see an ettin (combustible).

Vanquished Creatures
  3 two-headed ogres
  An orc knight (Orc:2)
  The ghost of kougar the Shooter, a novice DrHu of Fedhas (D:6)
  Grinder (D:4)
  2 hornets (D:8)
  Sigmund (D:4)
  A steam dragon (D:8)
  A warg (Orc:2)
  3 water moccasins
  9 orc warriors
  A sky beast (D:6)
  An ogre (D:5)
  3 centaurs
  3 kobold brigands
  3 bullfrogs
  3 gnoll sergeants
  2 scorpions
  5 wights (D:8)
  An electric eel (D:9)
  A howler monkey (D:8)
  3 hounds
  9 orc priests
  2 gnoll boudas
  A jelly (D:4)
  A sleepcap (D:6)
  2 iguanas
  8 orc wizards
  21 gnolls
  6 adders
  A shadow imp (D:6)
  3 white imps
  3 dart slugs
  42 orcs
  3 ball pythons
  An endoplasm (D:3)
  2 giant cockroaches
  6 hobgoblins
  3 quokkas
  A bat (D:2)
  2 frilled lizards
  5 goblins
  15 kobolds
  7 rats
193 creatures vanquished.

Vanquished Creatures (others)
  197 foxfires
  6 plants (D:5)
203 creatures vanquished.

Grand Total: 396 creatures vanquished

Notes
Turn   | Place    | Note
-------+----------+-------------------------------------------
     0 | D:1      | lunkers the Meteoran Fire Elementalist began the quest for
                  | the Orb.
     0 | D:1      | Reached XP level 1. HP: 14/14 MP: 5/5
   188 | D:1      | Reached XP level 2. HP: 10/20 MP: 3/6
   214 | D:1      | Reached skill level 4 in Fire Magic
   306 | D:1      | Learned a level 2 spell: Scorch
   386 | D:2      | Reached XP level 3. HP: 26/26 MP: 3/8
   684 | D:3      | Reached XP level 4. HP: 33/33 MP: 6/10
   694 | D:3      | Reached skill level 5 in Fire Magic
   912 | D:3      | Reached XP level 5. HP: 38/38 MP: 8/11
   958 | D:4      | Found a staircase to the Ecumenical Temple.
   968 | Temple   | Entered the Ecumenical Temple
  1135 | Temple   | Became a worshipper of Vehumet
  1180 | D:4      | Reached skill level 6 in Fire Magic
  1204 | D:4      | Noticed Sigmund
  1215 | D:4      | Killed Sigmund
  1216 | D:4      | Reached skill level 5 in Spellcasting
  1216 | D:4      | Reached skill level 7 in Fire Magic
  1216 | D:4      | Reached XP level 6. HP: 30/45 MP: 0/14
  1267 | D:4      | Reached XP level 7. HP: 50/50 MP: 9/15
  1321 | D:4      | Noticed Grinder
  1328 | D:4      | Killed Grinder
  1329 | D:4      | Reached skill level 8 in Fire Magic
  1727 | D:5      | Entered Level 5 of the Dungeon
  1748 | D:5      | Reached XP level 8. HP: 55/57 MP: 10/18
  1767 | D:5      | Found Pofagay's Book Boutique.
  1822 | D:5      | Reached skill level 9 in Fire Magic
  1959 | D:5      | Found a stormy altar of Qazlal.
  2063 | D:6      | Found Raropt's Distillery.
  2078 | D:6      | Noticed kougar's ghost (novice DrHu)
  2081 | D:6      | Found a runed translucent door.
  2096 | D:6      | Killed kougar's ghost
  2097 | D:6      | Reached skill level 10 in Fire Magic
  2097 | D:6      | Gained mutation: You passively map the area around you.
                  | [Meteoran growth]
  2097 | D:6      | Reached XP level 9. HP: 46/62 MP: 9/21
  2135 | D:6      | Reached * piety under Vehumet
  2135 | D:6      | Offered knowledge of Kiss of Death by Vehumet.
  2194 | D:6      | Learned a level 4 spell: Flame Wave
  2232 | D:6      | Found a blossoming altar of Fedhas.
  2260 | D:6      | Reached skill level 11 in Fire Magic
  2289 | D:6      | Found Ryni's Book Boutique.
  2316 | D:7      | Noticed a two-headed ogre
  2330 | D:7      | Killed a two-headed ogre
  2331 | D:7      | Reached skill level 12 in Fire Magic
  2532 | D:7      | Reached XP level 10. HP: 49/70 MP: 4/23
  2654 | D:7      | Reached skill level 1 in Fighting
  2655 | D:7      | Reached ** piety under Vehumet
  2657 | D:7      | Offered knowledge of Searing Ray by Vehumet.
  2672 | D:7      | Found a flagged portal.
  2684 | Bailey   | Entered a bailey
  2858 | Bailey   | Offered knowledge of Ignite Poison by Vehumet.
  3130 | D:8      | Found a broken altar of Ashenzari.
  3208 | D:8      | Reached *** piety under Vehumet
  3212 | D:8      | Reached skill level 13 in Fire Magic
  3219 | D:8      | Noticed a two-headed ogre
  3221 | D:8      | Noticed a two-headed ogre
  3235 | D:8      | Killed a two-headed ogre
  3236 | D:8      | Reached skill level 5 in Conjurations
  3238 | D:8      | Killed a two-headed ogre
  3267 | D:8      | Reached XP level 11. HP: 71/82 MP: 8/25
  3321 | D:8      | Offered knowledge of Hailstorm by Vehumet.
  3454 | D:8      | Reached skill level 10 in Spellcasting
  3473 | D:8      | Found an opulent altar of Gozag.
  3545 | D:9      | Reached skill level 14 in Fire Magic
  3609 | D:9      | Reached **** piety under Vehumet
  3616 | D:9      | Offered knowledge of Freezing Cloud by Vehumet.
  3617 | D:9      | Reached skill level 1 in Shields
  3677 | D:9      | Found a staircase to the Orcish Mines.
  3694 | Orc:1    | Entered Level 1 of the Orcish Mines
  3738 | Orc:2    | Entered Level 2 of the Orcish Mines
  3739 | Orc:2    | Noticed an orc knight
  3752 | Orc:2    | Killed an orc knight
  3756 | Orc:2    | Noticed an ettin
  3763 | Orc:2    | Slain by an ettin

Illustrated notes

Levels and vault maps discovered:
D:1:      tarquinn_simple_flora_water_e, layout_basic
D:2:      layout_basic, basic_altar
D:3:      layout_basic, shapermc_ecumenical_altar_notcrosses
D:4:      layout_basic, temple_statues, uniq_grinder, uniq_sigmund
D:5:      layout_gridville, mainiacjoe_overflow_paths, minitemple, serial_shops,
          nicolae_shop_hallway_plus, nicolae_grassy_gnolls
D:6:      layout_rooms, lemuel_tele_altar, hellmonk_ghost_happy_afterlife,
          serial_shops, shop, nicolae_book_shop_shelving
D:7:      layout_basic, tgw_sif, enter_bailey_4
D:8:      minmay_the_grid_square_5x5_3x3 [minmay_the_grid_square_5x5_slash,
          minmay_the_grid_square_5x5_inset,
          minmay_the_grid_square_5x5_doubleslash,
          minmay_the_grid_square_5x5_almost_minimal,
          minmay_the_grid_square_5x5_megaprize_hollow,
          minmay_the_grid_square_5x5_one_wall, minmay_the_grid_square_5x5_n,
          minmay_the_grid_square_5x5_intrusive_squares,
          minmay_the_grid_square_5x5_mess], layout_loops_ring,
          lemuel_zombie_altar_yredelemnul, grunt_gozag_statues,
          nicolae_ashenzari_skybound
D:9:      layout_long_grid, elyvilon_altar_1, erik_orc_2,
          guppyfry_early_elven_hall
Temple:   hellmonk_temple_forest_ring
Orc:1:    orc_temple, layout_caves, basic_altar,
          chequers_guarded_unrand_ignorance
Orc:2:    st_orc_pillars, layout_caves, guppyfry_library_mini

Skill      XL: |  1  2  3  4  5  6  7  8  9 10 11 |
---------------+----------------------------------+-----
Fire Magic     | 4 5 7 8 10 12 13 14 | 14.3
Spellcasting   | 3 5 6 7 8 9 10 | 10.3
Conjurations   | 2 6 7 |  7.9
Fighting       | 3 4 |  4.7
Shields        | 2 |  2.2
Dodging        | 3 |  3.5
Stealth        | |  1.4

Action                     |  1- 3 |  4- 6 |  7- 9 | 10-12 || total
---------------------------+-------+-------+-------+-------++-------
  Melee: Unarmed           |     7 |       |       |       ||     7
         Dagger            |       |       |       |    24 ||    24
         Punch             |       |       |       |     1 ||     1
   Cast: Foxfire           |    46 |    18 |    52 |     1 ||   117
         Scorch            |     2 |    15 |    64 |   122 ||   203
         Flame Wave        |       |       |       |    22 ||    22
  Evoke: Wand              |       |       |       |     2 ||     2
    Use: Scroll            |     1 |     5 |     2 |     6 ||    14
   Stab: Paralysed         |       |       |       |     4 ||     4
 Armour: Robe              |     6 |     6 |    28 |    45 ||    85
  Dodge: Dodged            |    16 |     6 |    46 |   102 ||   170
  Block: Buckler           |       |       |       |     8 ||     8

Table legend: (Time is in decaauts)
 A = Elapsed time spent in this place.
 B = Non-inter-level travel time spent in this place.
 C = Inter-level travel time spent in this place.
 D = Time resting spent in this place.
 E = Time spent auto-exploring this place.
 F = Levels seen in this place.
 G = Mean time per level.
                   A        B        C        D        E       F      G
               +--------+--------+--------+--------+--------+-----+--------+
         Total |   3764 |   3650 |    114 |      0 |   1934 |  13 |  289.5 |
       Dungeon |   3228 |   3114 |    114 |      0 |   1785 |   9 |  358.7 |
        Temple |    198 |    198 |      0 |      0 |    121 |   1 |  198.0 |
  Orcish Mines |     68 |     68 |      0 |      0 |      0 |   2 |   34.0 |
        Bailey |    268 |    268 |      0 |      0 |     28 |   1 |  268.0 |
               +--------+--------+--------+--------+--------+-----+--------+

Top non-repeatable levels by time:
     D:4: 569 daAuts
     D:8: 484 daAuts
     D:7: 474 daAuts
     D:3: 367 daAuts
     D:1: 339 daAuts
     D:5: 335 daAuts
  Bailey: 268 daAuts
     D:2: 249 daAuts
     D:6: 248 daAuts
  Temple: 198 daAuts
     D:9: 158 daAuts
   Orc:1: 43 daAuts
   Orc:2: 24 daAuts
